 Dungeon Crawl Stone Soup version 0.29-a0-887-gcbe080d7e0 (webtiles) character file.

Game seed: 4018992953310676516

450 wilfster70 the Poker (level 7, -9/49 HPs)
             Began as an Octopode Fighter on July 21, 2022.
             Was a Follower of Nemelex Xobeh.
             Mangled by an ogre
             ... wielding a +0 giant club
              (26 damage)
             ... on level 5 of the Dungeon.
             The game lasted 00:11:16 (5052 turns).

wilfster70 the Poker (Octopode Fighter)             Turns: 5052, Time: 00:11:17

Health: -9/49      AC:  1    Str: 15    XL:     7   Next: 4%
Magic:  16/16      EV: 13    Int: 12    God:    Nemelex Xobeh [*.....]
Gold:   300        SH:  5    Dex: 12    Spells: 5/6 levels left

rFire   . . .      SeeInvis +   a - +2 trident
rCold   + . .      Faith    .   f - +1 buckler
rNeg    . . .      Spirit   .   (helmet restricted)
rPois   .          Reflect  .   q - amulet of the acrobat
rElec   .          Harm     .   h - ring of see invisible
rCorr   .          Rampage  .   g - ring of magical power
Will    .....                   t - ring of protection from cold
Stlth   ++........              (no ring)
HPRegen 0.16/turn               (no ring)
MPRegen 0.15/turn               (no ring)
                                (no ring)
                                (no ring)

@: no status effects
A: almost no armour, amphibious, 8 rings, camouflage 1, gelatinous body 1,
(nimble swimmer 1), tentacles
a: Renounce Religion, Draw Escape, Draw Destruction, Draw Summoning


You were on level 5 of the Dungeon.
You worshipped Nemelex Xobeh.
Nemelex Xobeh was aware of your devotion.
You visited 2 branches of the dungeon, and saw 6 of its levels.

You collected 300 gold pieces.

Inventory:

Hand Weapons
 a - a +2 trident (weapon)
 b - a +0 sling
Missiles
 r - 10 poisoned darts (quivered)
Armour
 f - a +1 buckler (worn)
Jewellery
 g - a ring of magical power (right tentacle)
 h - a ring of see invisible (left tentacle)
 m - a ring of fire
 q - an amulet of the acrobat (around mantle)
 t - a ring of protection from cold (on tentacle)
Wands
 p - a wand of acid (3)
Scrolls
 e - 2 scrolls of teleportation
 u - a scroll of summoning
Potions
 c - 6 potions of might
 d - a potion of resistance
 i - a potion of heal wounds
 j - a potion of invisibility
 k - 3 potions of curing
 l - a potion of degeneration {unknown}
 n - a potion of mutation {unknown}
 o - a potion of attraction {unknown}
 s - a potion of haste {unknown}


   Skills:
 + Level 4.8 Fighting
 * Level 5.7 Polearms
 - Level 3.8 Dodging
 - Level 3.0 Shields


You had 5 spell levels left.
You knew the following spells:

 Your Spells              Type           Power      Damage    Failure   Level
a - Magic Dart            Conj           0%         1d3       41%         1

Your spell library contained the following spells:

 Spells                   Type           Power      Damage    Failure   Level
 Poisonous Vapours        Pois/Air       0%         N/A       54%         2
 Searing Ray              Conj           0%         2d4       54%         2
 Gell's Gravitas          Tloc           0%         N/A       78%         3
 Inner Flame              Hex/Fire       0%         N/A       78%         3
 Teleport Other           Tloc           0%         N/A       78%         3
 Cause Fear               Hex            0%         N/A       99%         4
 Corpse Rot               Necr/Pois/Air  0%         N/A       99%         4
 Fulminant Prism          Conj/Hex       0%         3d6       99%         4
 Dispersal                Tloc           0%         N/A       100%        6
 Discord                  Hex            0%         N/A       100%        8


Dungeon Overview and Level Annotations

Branches:
Dungeon (5/15)             Temple (1/1) D:4

Altars:
Ashenzari
Cheibriados
Dithmenos
Elyvilon
Fedhas
Makhleb
Nemelex Xobeh
Okawaru
Qazlal
Sif Muna
Vehumet
Xom
Yredelemnul
Zin
The Shining One

Shops:
D:5 *


Innate Abilities, Weirdness & Mutations

You cannot wear most types of armour.
You are amphibious.
You can wear up to eight rings at the same time.
Your skin changes colour to match your surroundings (Stealth+).
Your rubbery body absorbs attacks. (AC +1, EV +1)
((You are camouflaged when in or above water. (Stealth+)))
You have tentacles for arms and can constrict up to eight enemies at once.


Message History

You hit the hobgoblin but do no damage. Your grab misses the hobgoblin.
The goblin unwields a +0 sling.
The goblin wields a +0 club.
The goblin barely misses you. You block the hobgoblin's attack.
You hit the hobgoblin but do no damage. You grab the hobgoblin.
You squeeze the hobgoblin.
You kill the hobgoblin!
You block the goblin's attack.
You closely miss the goblin. You grab the goblin. You squeeze the goblin.
You kill the goblin!
No target in view!
You see here a hobgoblin corpse.
You open the door.
Found a potion of curing.
There is an open door here.
No target in view!
No target in view!
k - 3 potions of curing (gained 1)
There is an open door here.
You see here a hobgoblin corpse.
There is an open door here.
Things that are here:
a +0 mace; a +1 ring mail of willpower
Found an escape hatch in the ceiling.
Found 4 stones.
You see here 4 stones.
An ogre comes into view. It is wielding a +0 giant club.
An ogre is nearby!
The ogre shouts!
You puncture the ogre! You squeeze the ogre!
The ogre is severely wounded.
The ogre hits you with a +0 giant club!!
Ouch! That really hurt!
You are too injured to fight recklessly!
You are too injured to fight recklessly!
You hit the ogre.
The ogre is almost dead.
The ogre hits you with a +0 giant club!!
Ouch! That really hurt!
You die...
Your body glows slightly and disappears.

## #. #.##
#.### ...#
.....# ...#
...... ...#
...... ..#
.##...##O.#
........@##
..........##
...........#
....##....##
......#....#
......#..###
...<....(#
#..##...###
.##.#......##


You could see an ogre.

Vanquished Creatures
  A water moccasin (D:5)
  A kobold brigand (D:5)
  2 hounds
  An iguana (D:5)
  2 gnolls (D:5)
  4 adders
  A white imp (D:5)
  An ufetubus (D:5)
  2 worms
  5 dart slugs
  8 orcs
  4 endoplasms
  3 giant cockroaches
  6 goblins
  14 hobgoblins
  7 jackals
  3 quokkas
  7 ball pythons
  4 bats
  A frilled lizard (D:3)
  9 kobolds
  4 rats
90 creatures vanquished.

Vanquished Creatures (others)
  A plant (D:1)
1 creature vanquished.

Grand Total: 91 creatures vanquished

Notes
Turn   | Place    | Note
-------+----------+-------------------------------------------
     0 | D:1      | wilfster70 the Octopode Fighter began the quest for the
                  | Orb.
     0 | D:1      | Reached XP level 1. HP: 16/16 MP: 1/1
   208 | D:1      | Reached XP level 2. HP: 20/21 MP: 2/2
  1073 | D:2      | Reached XP level 3. HP: 26/26 MP: 3/3
  1089 | D:2      | Learned a level 1 spell: Magic Dart
  1376 | D:1      | Reached skill level 3 in Polearms
  1578 | D:2      | Found a faded altar of an unknown god.
  1853 | D:2      | Reached XP level 4. HP: 31/31 MP: 4/4
  2250 | D:3      | Found a snail-covered altar of Cheibriados.
  2767 | D:4      | Reached XP level 5. HP: 32/37 MP: 5/5
  2951 | D:4      | Found a staircase to the Ecumenical Temple.
  2964 | D:4      | Reached skill level 4 in Polearms
  2966 | Temple   | Entered the Ecumenical Temple
  3128 | Temple   | Became a worshipper of Nemelex Xobeh the Trickster
  4027 | D:5      | Entered Level 5 of the Dungeon
  4027 | D:5      | Noticed a water moccasin
  4031 | D:5      | Killed a water moccasin
  4032 | D:5      | Reached XP level 6. HP: 44/44 MP: 6/6
  4048 | D:5      | Reached skill level 5 in Polearms
  4063 | D:5      | Found a stormy altar of Qazlal.
  4070 | D:5      | Identified the +1 long sword of Dithmenos's Generosity
                  | {vorpal, Str+4 Dex+4}
  4097 | D:5      | Found a white marble altar of Elyvilon.
  4110 | D:5      | Identified the +7 chain mail of the Lobster {Harm MP+9}
  4135 | D:5      | Reached * piety under Nemelex Xobeh
  4151 | D:5      | Found Xuluoqir's Fire Supplies.
  4386 | D:5      | Identified the +6 whip "Lyxuuc" {speed, Str+6}
  4687 | D:5      | Reached XP level 7. HP: 26/49 MP: 7/7
  5052 | D:5      | Mangled by an ogre

Illustrated notes

Levels and vault maps discovered:
D:1:      dpeg_arrival_long_road, layout_basic, hex_large,
          minmay_misc_feat_roman, serial_bayou_lake_a
D:2:      layout_rooms, hellmonk_ecumenical_altar_arch_garden,
          hangedman_decor_opposing
D:3:      wander_river, layout_rooms, lemuel_crystal_altar,
          nrook_mini_backslash, hex_tiny
D:4:      layout_loops_corners, minmay_temple_entry_arrows
D:5:      corexii_shack_village, layout_cave_pools,
          mainiacjoe_overflow_large_starburst, minivault_27,
          grunt_decor_resistance, nicolae_shop_fire_sale
          [nicolae_sub_dead_trees]
Temple:   hellmonk_temple_flake

Skill      XL: |  1  2  3  4  5  6 |
---------------+-------------------+-----
Polearms       | 3 4 5 |  5.7
Fighting       | 4 |  4.8
Dodging        | |  3.8
Shields        | |  3.0

Action                   |  1- 3 |  4- 6 |  7- 9 || total
-------------------------+-------+-------+-------++-------
Melee: Trident           |    73 |   118 |    18 ||   209
       Constrict         |    21 |    26 |     5 ||    52
       Tentacles         |    12 |    15 |     6 ||    33
       Punch             |     1 |     2 |       ||     3
Evoke: Wand              |       |     2 |       ||     2
  Use: Scroll            |     1 |    10 |     1 ||    12
 Stab: Sleeping          |     4 |     2 |     1 ||     7
Armor: Skin              |     3 |     3 |       ||     6
Dodge: Dodged            |    55 |    73 |     8 ||   136
Block: Buckler           |    21 |    14 |    11 ||    46

Table legend: (Time is in decaauts)
 A = Elapsed time spent in this place.
 B = Non-inter-level travel time spent in this place.
 C = Inter-level travel time spent in this place.
 D = Time resting spent in this place.
 E = Time spent auto-exploring this place.
 F = Levels seen in this place.
 G = Mean time per level.
                   A        B        C        D        E       F      G
               +--------+--------+--------+--------+--------+-----+--------+
         Total |   5084 |   4970 |    114 |   1492 |   1869 |   6 |  847.3 |
       Dungeon |   4911 |   4797 |    114 |   1492 |   1776 |   5 |  982.2 |
        Temple |    172 |    172 |      0 |      0 |     93 |   1 |  172.0 |
               +--------+--------+--------+--------+--------+-----+--------+

Top non-repeatable levels by time:
     D:1: 1260 daAuts
     D:4: 1110 daAuts
     D:5: 1025 daAuts
     D:3: 771 daAuts
     D:2: 743 daAuts
  Temple: 172 daAuts
